 Dungeon Crawl Stone Soup version 0.28.0-1-gb440e238dd (webtiles) character file.

Game seed: 11756704218473481967

41 spaghetti the Charlatan (level 3, -1/34 HPs)
             Began as a Deep Dwarf Artificer on Feb 20, 2022.
             Slain by a gnoll (4 damage)
             ... on level 1 of the Dungeon.
             The game lasted 00:02:35 (794 turns).

spaghetti the Charlatan (Deep Dwarf Artificer)       Turns: 794, Time: 00:02:37

Health: -1/34      AC:  4    Str: 17    XL:     3   Next: 32%
Magic:  3/3        EV: 11    Int: 11    God:
Gold:   75         SH:  0    Dex: 13    Spells: 2/2 levels left

rFire   + . .      SeeInvis .   a - +0 club
rCold   . . .      Faith    .   (no shield)
rNeg    . . .      Spirit   .   b - +0 leather armour
rPois   .          Reflect  .   (no helmet)
rElec   .          Harm     .   (no cloak)
rCorr   .          Rampage  .   m - +0 pair of gloves
Will    .....                   (no boots)
Stlth   +.........              (no amulet)
HPRegen 0.00/turn               (no ring)
MPRegen 0.08/turn               (no ring)

@: invisible
A: damage resistance, heal wounds, sense surroundings 1, no regeneration, fire
resistance 1
a: Heal Wounds


You were on level 1 of the Dungeon.
You visited 1 branch of the dungeon, and saw 2 of its levels.

You collected 75 gold pieces.

Inventory:

Hand Weapons
 a - a +0 club (weapon)
 f - a +0 whip
Missiles
 i - 3 poisoned darts (quivered)
Armour
 b - a +0 leather armour (worn)
 m - a +0 pair of gloves (worn)
Wands
 c - a wand of flame (11)
 d - a wand of charming (15)
Scrolls
 h - a scroll of blinking {unknown}
 j - a scroll of immolation {unknown}
 n - a scroll of teleportation {unknown}
 o - a scroll of enchant armour {unknown}
Potions
 k - a potion of mutation
Miscellaneous
 e - a piece from Xom's chessboard (15/15)


   Skills:
 + Level 3.0 Fighting
 - Level 2.1 Armour
 - Level 1.1 Dodging
 - Level 1.2 Stealth
 - Level 4.0 Evocations


You had 2 spell levels left.
You didn't know any spells.
Your spell library was empty.

Dungeon Overview and Level Annotations

Branches:
Dungeon (2/15)

Altars:


Innate Abilities, Weirdness & Mutations

You are resistant to damage.
You can heal yourself by infusing magical energy.
You passively map a small area around you.
You do not regenerate.
Your flesh is heat resistant. (rF+)


Message History

The ball python misses you.
You closely miss the ball python. The ball python barely misses you.
The ball python bites you.
You hit the ball python.
The ball python is severely wounded.
The ball python barely misses you. The gnoll closely misses you.
You hit the ball python.
You kill the ball python!
You hit the gnoll.
The gnoll is lightly wounded.
The gnoll barely misses you.
You barely miss the gnoll.
The gnoll is lightly wounded.
The gnoll hits you with a +0 spear.
You hit the gnoll.
The gnoll is moderately wounded.
The gnoll hits you with a +0 spear.
You hit the gnoll.
The gnoll is severely wounded.
The gnoll closely misses you.
You catch the helpless gnoll completely off-guard!
You hit the gnoll but do no damage.
The gnoll is severely wounded.
The gnoll hits you but does no damage. The gnoll hits you with a +0 spear!
* * * LOW HITPOINT WARNING * * *
You closely miss the gnoll.
The gnoll is severely wounded.
The gnoll hits you with a +0 spear.
* * * LOW HITPOINT WARNING * * *
You barely miss the gnoll.
The gnoll is severely wounded.
The gnoll barely misses you. The gnoll misses you.
Throw: 4 darts (poison)
Press: ? - help, Q - select action, (/) - cycle Shift-Dir - straight line, f - gnoll
Aim: a gnoll, wielding a +0 spear (severely wounded, 61% to hit)
You throw a poisoned dart.
The poisoned dart barely misses the gnoll.
The gnoll hits you from afar with a +0 spear.
You die...

#......###.......#...###......#
######.###(......#....##.......
#.........#.#...>.....)##.
########...#.......##.#.##....##.
#.......#..#>..#.####............
#.......+..#............###......
#.......#.##..#g#####............
#.............#.#####.......#####
#.......####..#.@...........#
#####.........+.............#
#..###...##......########
#####........+.##################
#...)†.......#.########.PPPPPPPPP
#.....###.#..#.#...............<.
#.....#..............#..PPPPPPPPP
#.....#.##..#).......#.##########
#.....#.#...#........#.........#


You could see a gnoll.

Vanquished Creatures
  An adder (D:2)
  2 endoplasms
  A giant cockroach (D:1)
  4 goblins
  2 hobgoblins (D:1)
  3 jackals (D:1)
  2 ball pythons (D:1)
  5 bats (D:1)
  2 frilled lizards
  6 kobolds
  3 rats (D:1)
31 creatures vanquished.

Notes
Turn   | Place    | Note
-------+----------+-------------------------------------------
     0 | D:1      | spaghetti the Deep Dwarf Artificer began the quest for the
                  | Orb.
     0 | D:1      | Reached XP level 1. HP: 16/16 MP: 1/1
    14 | D:1      | Reached skill level 1 in Fighting
   109 | D:1      | Reached XP level 2. HP: 20/26 MP: 2/2
   450 | D:1      | Gained mutation: Your flesh is heat resistant. (rF+)
                  | [potion of mutation]
   674 | D:2      | Reached XP level 3. HP: 16/33 MP: 3/3
   794 | D:1      | Slain by a gnoll

Illustrated notes

Levels and vault maps discovered:
D:1:      eino_arrival_tree_alley, layout_basic
D:2:      minmay_alternating_diamond, layout_loops_corners,
          ebering_ecumenical_altar_sacrificial, minivault_19

Skill      XL: |  1  2  3 |
---------------+----------+-----
Fighting       | 1 2 3 |  3.0
Armour         | |  2.1
Dodging        | |  1.1
Stealth        | |  1.2
Evocations     | |  4.0

Action                   || total
-------------------------++-------
Melee: Club              ||    42
       Whip              ||    83
Throw: Stone             ||     3
       Dart              ||     2
 Abil: Heal Wounds       ||     1
Evoke: Wand              ||     4
       Piece from Xom's  ||     1
  Use: Potion            ||     3
 Stab: Invisible         ||     1
Armor: Leather armour    ||    45
Dodge: Dodged            ||   124
